[Event "*** Titled Tuesday Blitz"]
[Site "Chess.com"]
[Date "2021.03.30"]
[Round "9"]
[White "davidkalashian"]
[Black "CSB7"]
[Result "0-1"]
[WhiteElo "2541"]
[BlackElo "2680"]
[TimeControl "180+1"]
[EndTime "11:47:59 PDT"]
[Termination "CSB7 won on time"]

1. d4 e6 2. c4 Nf6 3. Nf3 d5 4. Nc3 Bb4 5. e3 O-O 6. Bd3 c5 7. O-O cxd4 8. exd4 dxc4 9. Bxc4 b6 10. Qe2 Bb7 11.
Rd1 Bxc3 12. bxc3 Qc8 13. Bg5 Nbd7 14. Ne5 Nxe5 15. dxe5 Ne4 16. Bd2 Qc6 17. Bb5 Nxc3 18. Bxc6 Nxe2+ 19. Kf1 Bxc6 20. Kxe2 Bxg2 21. Rg1 Be4 22.
h4 h5 23. Bg5 Rfc8 24. Rac1 Kh7 25. Ke3 Bd5 26. a3 b5 27. Kd4 a5 28. f4 b4 29. axb4 axb4 30. f5 b3 31. f6 Ra4+ 32. Ke3 Rxc1 33. Rxc1 Re4+ 34. Kd3 Rxe5 35. fxg7 Kxg7 36.
Rf1 Re4 37. Kc3 f5 38. Rg1 Rg4 39. Re1 Kg6 40. Ra1 Rxg5 41. hxg5 Kxg5 42. Rg1+ Kf4 43. Rg8 h4 44. Rh8 Kg3 45. Rg8+ Kh2 46. Rh8 h3 47. Rh5 Bg2 48. Kxb3 Kg1 49. Kc3 h2 50. Kd4 h1=Q 51. Rg5 Qh8+ 52. Ke3 Qh6 53. Kf4 Kf2 54. Ke5 Qxg5 0-1

[Event "*** Titled Tuesday Blitz"]
[Site "Chess.com"]
[Date "2021.03.30"]
[Round "9"]
[White "MikeSailer"]
[Black "AniJak"]
[Result "0-1"]
[WhiteElo "2126"]
[BlackElo "2309"]
[TimeControl "180+1"]
[EndTime "11:48:00 PDT"]
[Termination "AniJak won by resignation"]

1. d4 f5 2. Nf3 Nf6 3. g3 g6 4. Bg2 Bg7 5. b3 O-O 6. Bb2 d6 7. O-O e5 8. dxe5 Ng4 9. Qd5+ Kh8 10.
Rd1 Nc6 11. Nc3 Ngxe5 12. Nxe5 Nxe5 13. Rd2 Rb8 14. Rad1 Bd7 15. Qa5 Nc6 16. Qd5 Qe7 17. Na4 Bxb2 18. Nxb2 Rbe8 19. e3 b6 20. Nd3 Nd8 21.
Nf4 Bc6 22. Qd4+ Qg7 23. Bxc6 Nxc6 24. Qxg7+ Kxg7 25. Nd5 Rf7 26. a3 g5 27. b4 Ne5 28. Kg2 Nc4 29. Rd4 Nxa3 30. Ra1 Nb5 31. Rc4 Re4 32. Rxe4 fxe4 33. c4 c6 34. cxb5 cxd5 35.
Rd1 Rf5 36. Rc1 d4 37. exd4 Rxb5 38. Rc7+ Kf6 39. Rxh7 Rxb4 40. Rxa7 Rxd4 41. Rb7 Rb4 42. Rd7 Ke6 43. Rg7 d5 44. Rxg5 Rb2 45. Kf1 d4 46. h4 Kf6 47. Rd5 d3 48. h5 b5 49.
g4 b4 50. g5+ Ke6 51. Rb5 Rb1+ 52. Kg2 d2 53. Rb6+ Ke5 54. Rb5+ Kf4 55. Rd5 d1=Q 56. Rxd1 Rxd1 57. g6 Rd5 58. Kf1 Rxh5 0-1

[Event "*** Titled Tuesday Blitz"]
[Site "Chess.com"]
[Date "2021.03.30"]
[Round "9"]
[White "Zhigalko_Sergei"]
[Black "superchess02"]
[Result "1-0"]
[WhiteElo "2908"]
[BlackElo "2813"]
[TimeControl "180+1"]
[EndTime "11:48:03 PDT"]
[Termination "Zhigalko_Sergei won by checkmate"]

1. e4 a6 2. d4 b5 3. Nf3 Bb7 4. Bd3 e6 5. O-O c5 6. c3 Nf6 7. Re1 d6 8. Bf4 Nbd7 9. Nbd2 Be7 10. a4 bxa4 11. Qxa4 O-O 12. h3 Re8 13. Rad1 h6 14. e5 Nd5 15. Bg3 N7b6 16. Qb3 cxd4 17. c4 dxe5 18. cxd5 Bxd5 19. Qc2 f6 20. Bh7+ Kh8 21. Bxe5 Rc8 22. Qb1 Rf8 23. Bxd4 e5 24. Be3 Qc7 25. Nh4 Bf7 26. Bg6 f5 27. Bxf7 Bxh4 28. Bg6 Nd5 29. Bxf5 Rb8 30. g3 Be7 31. Be4 Nf6 32. Qc2 Qa5 33.
Bg2 Rfc8 34. Qf5 Rd8 35. Nf3 Qa4 36. Rxd8+ Rxd8 37. Nxe5 Rd1 38. Ng6+ Kg8 39. Nxe7+ Kf7 40. Rxd1 Qxd1+ 41. Kh2 Kxe7 42. Qc5+ Kf7 43. Qa7+ Kg6 44.
Qxa6 Qc2 45. b4 h5 46. Qc6 Qd3 47. Qc5 Kf7 48. Qg5 h4 49. Qxh4 Qf5 50. Qf4 Qb5 51. Bd4 Kg6 52. Bxf6 gxf6 53. Qg4+ Kh6 54. Qd4 f5 55.
Qf6+ Kh7 56. h4 f4 57. Qxf4 Kg8 58. Qg5+ Qxg5 59. hxg5 Kf7 60. b5 Kg6 61. b6 Kh5 62. b7 Kg4 63. b8=Q Kh5 64. Qf4 Kg6 65. g4 Kh7 66.
Qf6 Kg8 67. Qe7 Kh8 68. g6 Kg8 69. Qf7+ Kh8 70. Qh7# 1-0

[Event "*** Titled Tuesday Blitz"]
[Site "Chess.com"]
[Date "2021.03.30"]
[Round "9"]
[White "Shield12"]
[Black "Jungle_Jaguar"]
[Result "1-0"]
[WhiteElo "2826"]
[BlackElo "2616"]
[TimeControl "180+1"]
[EndTime "11:48:04 PDT"]
[Termination "Shield12 won by checkmate"]

1. e4 c5 2. Nf3 d6 3. d4 cxd4 4.
Nxd4 Nf6 5. Nc3 Nc6 6. Bg5 e6 7. Qd2 a6 8. O-O-O Bd7 9. f4 b5 10. Bxf6 gxf6 11. Kb1 Qb6 12. Nxc6 Bxc6 13. f5 b4 14. Ne2 e5 15. Ng3 h5 16. h4 Qc5 17.
Qe2 Ke7 18. Nxh5 Bb5 19. Qg4 Bh6 20. Rd5 Qc7 21. Qf3 Rac8 22. Qd1 Bc6 23. Bc4 Bxd5 24.
Bxd5 Rhg8 25. g4 Rxg4 26. Bb3 Rgg8 27. Qd5 Rgf8 28. Rd1 Qc6 29. Qd3 Rg8 30. Bd5 Qb5 31. Bc4 Qc5 32. b3 Rg1 33. Ng3 Rg8 34. Rxg1 Qxg1+ 35. Nf1 Qd4 36. Qxd4 exd4 37. Bxa6 Rg4 38. Bd3 Bf4 39.
Kb2 Rxh4 40. a3 bxa3+ 41. Kxa3 Kd7 42. Kb4 Kc6 43. Kc4 Be5 44. Nd2 Rh8 45. Nf3 Rc8 46. b4 d5+ 47. exd5+ Kd6+ 48. Kb5 Kxd5 49. Nd2 Rb8+ 50.
Ka4 Bd6 51. b5 Ra8+ 52. Kb3 Ra3+ 53. Kb2 Bb4 54. Nc4 Ra8 55. Nb6+ Kc5 56. Nxa8 Bc3+ 57. Kb3 Ba5 58. b6 Kc6 59. Be4+ Kb5 60. b7 d3 61. b8=Q+ Bb6 62. Qxb6# 1-0

[Event "*** Titled Tuesday Blitz"]
[Site "Chess.com"]
[Date "2021.03.30"]
[Round "9"]
[White "FoggyMorning"]
[Black "prachiti01"]
[Result "1-0"]
[WhiteElo "2604"]
[BlackElo "2112"]
[TimeControl "180+1"]
[EndTime "11:48:04 PDT"]
[Termination "FoggyMorning won by checkmate"]

1. e4 e6 2. d4 d5 3. Bd3 Nf6 4.
e5 Nfd7 5. c3 c5 6. Ne2 Nc6 7. O-O cxd4 8. cxd4 Qb6 9. Bc2 Nb4 10.
Ba4 a6 11. a3 Nc6 12. b4 g6 13. Be3 Bg7 14. Nbc3 O-O 15. Bb3 Qd8 16. Rc1 Ne7 17.
Bg5 b5 18. a4 bxa4 19. Nxa4 Re8 20. Nc5 Nb6 21. Qd2 Nc4 22. Bxc4 dxc4 23. Rxc4 Qd5 24. Qc2 a5 25. Nf4 Qd8 26. b5 h6 27. Bxe7 Qxe7 28.
b6 Bb7 29. Ncxe6 Rac8 30. Nxg7 Kxg7 31. Rc7 Qg5 32. g3 Rxc7 33. Qxc7 Be4 34. Re1 Bf3 35. e6 Re7 36. Qe5+ Qf6 37. Qxf6+ Kxf6 38. Re3 Bb7 39.
d5 fxe6 40. d6 Re8 41. d7 Rd8 42. Rxe6+ Kf7 43. Rd6 a4 44. Ne6 Ke7 45. Nxd8 Kxd6 46. Nxb7+ Kxd7 47. Nc5+ Kc6 48. Nxa4 g5 49. h4 gxh4 50.
gxh4 h5 51. Kg2 Kb7 52. Kg3 Ka6 53. Kf4 Kb7 54. Kg5 Kb8 55. Kxh5 Ka8 56. Kg6 Kb7 57.
h5 Kc8 58. h6 Kb8 59. h7 Kb7 60. h8=Q Ka6 61. Qa8+ Kb5 62. b7 Kc4 63. b8=Q Kd3 64. Qb3+ Ke2 65. Qaf3+ Kf1 66. Qbd1# 1-0

[Event "*** Titled Tuesday Blitz"]
[Site "Chess.com"]
[Date "2021.03.30"]
[Round "9"]
[White "Nachsueb"]
[Black "tteshan"]
[Result "1/2-1/2"]
[WhiteElo "2177"]
[BlackElo "2326"]
[TimeControl "180+1"]
[EndTime "11:48:05 PDT"]
[Termination "Game drawn by repetition"]

1. d4 c6 2. c4 g6 3. Nf3 Bg7 4. e4 d5 5. cxd5 cxd5 6. e5 Nh6 7. h3 O-O 8. Bd3 Nc6 9. O-O Qb6 10. Be3 Nf5 11. Bxf5 Bxf5 12. b3 Nb4 13. Nc3 Rac8 14. Na4 Qa5 15. Bd2 Qb5 16. Nc5 Nd3 17. Nxd3 Qxd3 18.
Bg5 Rc7 19. Qxd3 Bxd3 20. Rfc1 Rfc8 21. Rxc7 Rxc7 22. Rd1 Be2 23. Re1 Ba6 24. Rc1 Rxc1+ 25. Bxc1 f6 26. Bf4 Be2 27. Ne1 Kf7 28. f3 Ke6 29.
Kf2 Ba6 30. exf6 exf6 31. Be3 f5 32. Nc2 Bf8 33. Bd2 Bd3 34. Nb4 Bb5 35. a4 Bd7 36. Nd3 Bd6 37. Nc5+ Bxc5 38. dxc5 Ke5 39. Ke3 d4+ 40.
Kd3 Be6 41. b4 Kd5 42. Be1 a5 43. bxa5 Kxc5 44. Bf2 Kb4 45. Bxd4 Kxa5 46. Kc3 Kxa4 47. g4 b5 48. gxf5 Bxf5 49. h4 b4+ 50. Kb2 b3 51. Bf6 Be6 52. Bg5 Kb4 53. f4 Kc4 54. Bh6 Kd3 55. Bg5 Ke4 56. Bh6 Kf3 57. Bg5 Kg4 58. Kc3 Kh5 59. Kb2 h6 60. Bf6 Kg4 61. Bg7 Kxf4 62. Bxh6+ Kf5 63. Bg5 Kg4 64. Bd8 Kf3 65. Bg5 Kg4 66. Bd8 Kh5 67. Bg5 Kg4 1/2-1/2

[Event "*** Titled Tuesday Blitz"]
[Site "Chess.com"]
[Date "2021.03.30"]
[Round "9"]
[White "Mr_Sinigami"]
[Black "ChristopherYoo"]
[Result "0-1"]
[WhiteElo "2566"]
[BlackElo "2910"]
[TimeControl "180+1"]
[EndTime "11:48:06 PDT"]
[Termination "ChristopherYoo won on time"]

1. d4 Nf6 2. Nf3 e6 3. Bf4 b6 4. e3 Bb7 5. Be2 Be7 6. O-O O-O 7. h3 d5 8. Nbd2 Nbd7 9. a4 a6 10. c3 c5 11. Bd3 c4 12. Be2 b5 13. b3 Nb6 14. Qb1 Bc6 15. Ne5 Be8 16. axb5 axb5 17. Qb2 cxb3 18. Rxa8 Qxa8 19. Ra1 Qc8 20. Qxb3 Nc4 21.
Nef3 Bc6 22. Ra7 Qd8 23. Bc7 Qe8 24. Bg3 Bd8 25. Qb1 Bb6 26. Ra2 Qd8 27. Ne5 Be8 28. Ndxc4 dxc4 29. Bf3 Nd5 30. Bxd5 exd5 31. Qb4 f6 32. Nf3 Rf7 33. Ra6 Ra7 34. Rxa7 Bxa7 35. Nd2 Bb6 36. e4 Ba5 37. Qb2 dxe4 38. Nxe4 Bc6 39.
Nd6 Qd7 40. Qa3 Bc7 41. Qc5 Bxd6 42. Bxd6 Qb7 43. f3 Kf7 44. Bf4 g6 45. Kf2 Qd7 46. Be3 g5 47. Qb6 h6 48. Qc5 Bd5 49. Qb6 Kg7 50.
Qc5 Bc6 51. Qb6 Qd5 52. Qc7+ Kg6 53. Qc8 Bd7 54. Qd8 Kg7 55. Qe7+ Kg6 56. Qd8 Qf7 57.
Qb6 Kg7 58. Qd6 Qe8 59. Qc7 Kg6 60. Qd6 Bf5 0-1

[Event "*** Titled Tuesday Blitz"]
[Site "Chess.com"]
[Date "2021.03.30"]
[Round "9"]
[White "esapunov"]
[Black "vugarrasulov"]
[Result "0-1"]
[WhiteElo "2737"]
[BlackElo "2875"]
[TimeControl "180+1"]
[EndTime "11:48:08 PDT"]
[Termination "vugarrasulov won by resignation"]

1. c4 g6 2. g3 Bg7 3. Bg2 d6 4.
d4 Nf6 5. Nf3 O-O 6. O-O Nc6 7.
Nc3 a6 8. h3 Rb8 9. b3 b5 10.
cxb5 axb5 11. e3 b4 12. Ne2 e5 13. dxe5 dxe5 14. Qc2 Rb6 15. Rd1 Qe7 16. Bb2 Bf5 17.
Qc4 Na5 18. Qh4 Rb5 19. Rac1 h6 20. g4 g5 21. Qg3 Ne4 22. Qh2 Bg6 23. Ng3 Nc3 24.
Bxc3 bxc3 25. Rxc3 Rd8 26. Rdc1 c6 27. e4 Qb4 28. Bf1 Rb7 29. h4 Rbd7 30. hxg5 hxg5 31. Nxg5 Rd1 32. Nf5 Bf6 33. Qh6 Rxc1 34. Rxc1 Qd2 35.
Nxf7 Kxf7 36. Rc5 Bxf5 37. Qxd2 Rxd2 38. exf5 Bd8 39. g5 Bb6 40. Rc3 Rxf2 41. Rh3 Rxf5+ 42. Kg2 Rf2+ 43. Kg1 Rf5+ 44. Kg2 Rxg5+ 45. Kf3 Rf5+ 46. Ke2 Rf2+ 47. Ke1 Rb2 48. Rh6 Bd4 49. Bd3 Ke7 50.
Kd1 Rxa2 51. b4 Nb3 52. Bc4 Rd2+ 53. Ke1 Bc3 54. Kf1 Nd4 55. Rh3 Kf6 56. Rxc3 e4 57. Ba6 Ke5 58. Bb7 Kf4 59. Bxc6 e3 60. Ba4 Rf2+ 61.
Ke1 Nf3+ 62. Kd1 e2+ 0-1

[Event "*** Titled Tuesday Blitz"]
[Site "Chess.com"]
[Date "2021.03.30"]
[Round "9"]
[White "InitiatingASC"]
[Black "FGHSMN"]
[Result "1/2-1/2"]
[WhiteElo "2443"]
[BlackElo "2640"]
[TimeControl "180+1"]
[EndTime "11:48:09 PDT"]
[Termination "Game drawn by repetition"]

1. d4 Nf6 2. c4 e6 3. Nc3 d5 4. e3 c6 5. Bd3 Nbd7 6. Nf3 dxc4 7. Bxc4 b5 8. Bd3 Bb7 9. O-O a6 10. e4 c5 11. Bg5 cxd4 12. Nxd4 Be7 13. Nde2 O-O 14.
Rc1 Nc5 15. Bb1 h6 16. Bh4 Ncxe4 17. Qc2 b4 18. Rfd1 Qb6 19. Na4 Qb5 20. Nd4 Qh5 21. Bxf6 Bxf6 22. Nb6 Rad8 23. Ne2 Qf5 24. f3 Rxd1+ 25.
Rxd1 Qc5+ 26. Qxc5 Nxc5 27. Rc1 Be7 28. Nd4 Rd8 29. Nb3 Nxb3 30. axb3 Rd2 31. Nc4 Bc5+ 32. Kh1 Re2 33. Bd3 Rf2 34. Rf1 Rxf1+ 35. Bxf1 Bd5 36. Na5 Bd4 37. Bxa6 Bxb2 38. Nc4 Bc3 39. Bb5 e5 40. Kg1 f5 41. Kf1 e4 42. Ke2 exf3+ 43. gxf3 g5 44. Bd7 f4 45. Bf5 Kf7 46. Bc2 Kf6 47. Bd3 h5 48.
Bc2 g4 49. fxg4 hxg4 50. Kf2 f3 51. Bd3 Bd4+ 52. Kg3 Kg5 53. h3 Bxc4 54. Bxc4 Be5+ 55. Kf2 Bd4+ 56. Kg3 Be5+ 57. Kf2 gxh3 58. Kxf3 h2 59.
Kg2 Kh4 60. Kh1 Kg4 61. Bd5 Kf4 62. Bc4 Ke3 63. Be6 Kd4 64. Bc4 Kc3 65. Bd5 Kd4 66.
Bc4 Bf4 67. Be6 Kc3 68. Bc4 Be5 69. Bg8 Bg3 70. Bf7 Bf4 71. Bc4 Kd4 72. Bg8 Ke5 73. Bc4 Kf6 74. Bg8 Kg7 75. Bc4 Kf6 76. Bd5 Ke5 77. Bc4 Kd4 1/2-1/2

[Event "*** Titled Tuesday Blitz"]
[Site "Chess.com"]
[Date "2021.03.30"]
[Round "9"]
[White "igorkovalenko"]
[Black "Eltaj_Safarli"]
[Result "0-1"]
[WhiteElo "2954"]
[BlackElo "2892"]
[TimeControl "180+1"]
[EndTime "11:48:11 PDT"]
[Termination "Eltaj_Safarli won by resignation"]

1. d4 Nf6 2. Nf3 g6 3. Nbd2 Bg7 4. e4 O-O 5. Bd3 d6 6. O-O c5 7. dxc5 dxc5 8. Qe2 Nc6 9. c3 Qc7 10. Re1 Nh5 11.
g3 Bg4 12. Qe3 Rad8 13. Bc2 b6 14. Kg2 Qc8 15. Ng1 Nf6 16. h3 Be6 17. f4 Nd4 18.
Bd1 Nc6 19. Ndf3 Bc4 20. Bc2 e5 21. f5 Rfe8 22. g4 Qa6 23. Qf2 Bd3 24. Bg5 h6 25. Bxf6 Bxf6 26. Rad1 c4 27. a3 g5 28. Bxd3 cxd3 29. Nd2 Be7 30. Ngf3 Bc5 31. Qg3 Bf8 32. h4 f6 33. hxg5 hxg5 34. Rh1 Rd7 35. Qh3 Bg7 36.
Qh7+ Kf8 37. Rh6 Rf7 38. Rg6 Ne7 39. Rxg5 fxg5 40. Nxg5 Ng8 41. Qg6 Qb7 42. Nc4 Rd8 43. Nd6 Rxd6 44. Qxd6+ Re7 45. Rxd3 Nf6 46. Kf3 Kg8 47. Qb4 Rd7 48. Qc4+ Kh8 49. Ne6 Nxe4 50. Ke3 Bh6+ 51. g5 Nxg5 52. Rxd7 Qxd7 53. Ke2 Nxe6 54. fxe6 Qd2+ 55. Kf3 Qd1+ 56. Ke4 Qg4+ 57. Kd5 Qxc4+ 58. Kxc4 Kg7 59. Kd5 Kf6 60. c4 e4 61. Kxe4 Kxe6 62. b4 Bc1 63. a4 Bd2 64. c5 Bxb4 65. cxb6 axb6 66. Kd4 Kd6 67. Kc4 Ba5 68. Kb5 Kd5 69.
Ka6 Kc4 0-1

[Event "*** Titled Tuesday Blitz"]
[Site "Chess.com"]
[Date "2021.03.30"]
[Round "9"]
[White "HouseOfDurin"]
[Black "NoGuru"]
[Result "0-1"]
[WhiteElo "2157"]
[BlackElo "2331"]
[TimeControl "180+1"]
[EndTime "11:48:12 PDT"]
[Termination "NoGuru won by checkmate"]

1. d4 d5 2. Bg5 h6 3. Bh4 Bf5 4. e3 c6 5. Bd3 Bxd3 6. Qxd3 Nd7 7. f4 Qb6 8. Nd2 e6 9. O-O-O f5 10. g4 g6 11.
gxf5 gxf5 12. Ngf3 Be7 13. Rhg1 Bxh4 14. Nxh4 O-O-O 15. Rg7 Ngf6 16. Ng6 Rh7 17. Rxh7 Nxh7 18. Rg1 Kb8 19.
Ne7 Nhf6 20. c4 Re8 21. c5 Qd8 22. Ng6 Rg8 23. Qf1 Ng4 24. Ne5 Ndxe5 25. fxe5 Nxe3 26. Qf2 Rxg1+ 27. Qxg1 Qg5 28. Nf3 Qxg1+ 29. Nxg1 Kc8 30. b3 Kd7 31. h3 Ke7 32. Kd2 Ng2 33. Ke2 Kf7 34.
Kf2 Nf4 35. Ke3 Ng6 36. Ne2 Kg7 37. b4 h5 38. a4 Kh6 39. b5 Kg5 40. bxc6 bxc6 41.
Kf3 Nh4+ 42. Kg3 f4+ 43. Nxf4 Nf5+ 44. Kf3 Nxd4+ 45. Kg3 h4+ 46. Kf2 Kxf4 47. a5 Kxe5 48. a6 Nb3 49. Ke2 Nxc5 50. Ke1 Nxa6 51. Kf2 Nc7 52. Ke2 a5 53. Kd2 a4 54. Kc2 d4 55.
Kb1 Ke4 56. Kc2 d3+ 57. Kd2 Kd4 58. Kd1 a3 59. Kc1 a2 60. Kb2 a1=Q+ 61. Kxa1 d2 62. Kb2 d1=Q 63. Ka3 Qc1+ 64. Ka2 Qc5 65. Kb3 Kd3 66.
Kb2 Qc2+ 67. Ka1 Qa4+ 68. Kb2 Qb4+ 69. Ka1 Kc2 70. Ka2 Qa4# 0-1

[Event "*** Titled Tuesday Blitz"]
[Site "Chess.com"]
[Date "2021.03.30"]
[Round "9"]
[White "Volodar_Murzin"]
[Black "Genghis_K"]
[Result "0-1"]
[WhiteElo "2764"]
[BlackElo "2945"]
[TimeControl "180+1"]
[EndTime "11:48:14 PDT"]
[Termination "Genghis_K won on time"]

1. e4 c5 2. Nf3 d6 3. Bb5+ Nd7 4. O-O a6 5. Bd3 Ngf6 6. c3 e6 7. Bc2 c4 8. Qe2 b5 9. b3 Qc7 10. bxc4 bxc4 11. Na3 Nb6 12. Rb1 Be7 13. Nd4 O-O 14. Kh1 e5 15. Nf3 Be6 16. Ng5 Bg4 17. Qe3 Rab8 18. f4 h6 19. Nf3 Rfe8 20. Nh4 d5 21. fxe5 Bc5 22. Qg3 Qxe5 23. Qxe5 Rxe5 24. exd5 Rbe8 25.
Nf3 Bxf3 26. gxf3 Nfxd5 27. d4 cxd3 28. Bxd3 Nxc3 29. Rb3 Nbd5 30. Bd2 Bd4 31. Nc4 R5e6 32. a3 Nb5 33. a4 Nbc7 34. Rb7 g6 35. Be4 R8e7 36.
Bxh6 Kh7 37. Bg5 f6 38. Bh4 Kg7 39. Rd1 Bc3 40. Bg3 f5 41. Bd3 f4 42. Bh4 Bf6 43.
Bxf6+ Kxf6 44. Be4 Nc3 45. Rd4 g5 46. Bd3 Re1+ 47.
Kg2 N7d5 48. Rxe7 Kxe7 49. Nd2 Ne3+ 50. Kf2 Rd1 51. Ne4 Nxe4+ 52. Rxe4+ Kf6 53. Bxa6 Rh1 54. Be2 Rxh2+ 55. Ke1 Rh1+ 56. Kd2 Ra1 57. Rb4 Ra2+ 58.
Kd3 Ra3+ 59. Kd2 Nd5 60. Rd4 Ne7 61. Rd6+ Ke5 62. Ra6 Nd5 63. Rg6 Rxa4 64. Rxg5+ Kd4 65.
Rf5 Ra2+ 66. Ke1 Rb2 67. Rf8 Nc3 68. Ba6 Ke3 69. Re8+ Kxf3 70. Re7 Ne4 71. Kd1 Ke3 72. Bb7 Rb1+ 73. Kc2 Rb4 74. Kd1 f3 75. Bxe4 Rxe4 76. Rxe4+ Kxe4 77. Ke1 Ke3 78. Kf1 f2 0-1

[Event "*** Titled Tuesday Blitz"]
[Site "Chess.com"]
[Date "2021.03.30"]
[Round "9"]
[White "ChessFunMaker"]
[Black "oogee"]
[Result "0-1"]
[WhiteElo "2241"]
[BlackElo "2383"]
[TimeControl "180+1"]
[EndTime "11:48:14 PDT"]
[Termination "oogee won by checkmate"]

1. c4 e5 2. g3 Nc6 3. Nc3 f5 4. Nf3 Nf6 5. d4 e4 6. Nh4 Bb4 7. Nxf5 Bxc3+ 8. bxc3 O-O 9. Ne3 d6 10.
Bg2 Ne7 11. O-O Ng6 12. Qb3 Kh8 13. a4 c6 14. a5 Qe7 15. Rb1 Rf7 16. Ba3 Be6 17.
d5 Bd7 18. Qxb7 Rc8 19. dxc6 Rxc6 20. Qxa7 Rf8 21. Rb7 Qe6 22. Nd5 Ne5 23. Nxf6 gxf6 24. c5 d5 25. Rb6 f5 26. Bb4 f4 27. Rxc6 Nxc6 28. Qc7 f3 29. exf3 exf3 30. Bh1 Qh3 31.
Qd6 Rf5 32. Qc7 Rh5 33. Qd8+ Kg7 34. Qxd7+ Qxd7 35. Bxf3 Rf5 36. Bg4 Qf7 37. Bxf5 Qxf5 38. a6 Ne5 39. a7 Qh3 40. f4 Ng4 41. Rf2 Nxf2 42. Kxf2 Qxh2+ 43. Kf3 Qa2 44. Ke3 Qa6 45. Kd4 Qxa7 46. Kxd5 Qc7 47. c6 Kf7 48. Bd6 Qc8 49.
c7 Kf6 50. Kc6 Kf5 51. Be5 Kg4 52. c4 Kxg3 53. f5+ Kg4 54. f6 Kf5 55. Bc3 Ke6 56. c5 h5 57. Kb6 h4 58. Be5 Kxe5 59. f7 Ke6 60. f8=Q Qxf8 61. Kb7 Qxc5 62. c8=Q+ Qxc8+ 63. Kxc8 h3 64. Kc7 h2 65. Kb6 h1=Q 66. Ka7 Qg2 67. Kb8 Qg3+ 68. Ka7 Qg4 69. Kb6 Qg5 70. Ka7 Qf5 71. Kb8 Qe5+ 72. Ka7 Qd6 73. Kb7 Ke7 74. Kc8 Qd7+ 75. Kb8 Kd6 76. Ka8 Kc6 77. Kb8 Qb7# 0-1

[Event "*** Titled Tuesday Blitz"]
[Site "Chess.com"]
[Date "2021.03.30"]
[Round "9"]
[White "MaxLeto"]
[Black "Ze-Pequeno"]
[Result "1/2-1/2"]
[WhiteElo "2349"]
[BlackElo "2224"]
[TimeControl "180+1"]
[EndTime "11:48:14 PDT"]
[Termination "Game drawn - insufficient material"]

1. h4 d5 2. h5 h6 3. d4 Nf6 4. e3 Bf5 5. c4 c6 6. Nc3 e6 7.
Bd2 Nbd7 8. Qb3 Qb6 9. c5 Qxb3 10. axb3 a6 11. b4 Rc8 12. f3 Be7 13. g4 Bh7 14.
Nh3 e5 15. Kf2 exd4 16. exd4 O-O 17. Be2 Rfe8 18. Rhe1 Bd8 19. Bf4 Bc7 20. Bxc7 Rxc7 21. Bf1 Rcc8 22. Nf4 Kf8 23. Nd3 Rxe1 24. Rxe1 Re8 25.
Ne5 Nxe5 26. dxe5 Nd7 27. f4 a5 28. bxa5 Nxc5 29. b4 Ne4+ 30. Nxe4 Bxe4 31. Ke3 f6 32. Kd4 fxe5+ 33. fxe5 Ke7 34. Bh3 Rf8 35. Rf1 Rxf1 36. Bxf1 Kd7 37. Bh3 Kc7 38. Kc5 Bf3 39. e6 Be2 40. e7 Kd7 41. g5+ Kxe7 42. gxh6 gxh6 43. Kb6 d4 44. Kxb7 d3 45. Bf5 d2 46. Bc2 Bxh5 47.
a6 c5 48. bxc5 Bf3+ 49. Kb8 h5 50. a7 h4 51. a8=Q Bxa8 52. Kxa8 Kd7 53. Kb7 h3 54. c6+ Kd6 55. c7 h2 56. c8=Q h1=Q+ 57. Kb6 Qg1+ 58. Kb5 Qf1+ 59. Kb4 Qe1 60. Qc5+ Ke6 61.
Qc6+ Ke5 62. Qc3+ Kf4 63. Qd4+ Kg3 64. Qd3+ Kf2 65. Kb3 Qe3 66. Kc3 Qxd3+ 67. Kxd3 d1=B 1/2-1/2

[Event "*** Titled Tuesday Blitz"]
[Site "Chess.com"]
[Date "2021.03.30"]
[Round "9"]
[White "Ranindu2003"]
[Black "seorobert1971"]
[Result "0-1"]
[WhiteElo "2607"]
[BlackElo "2746"]
[TimeControl "180+1"]
[EndTime "11:48:15 PDT"]
[Termination "seorobert1971 won by resignation"]

1. e4 e6 2. d4 d5 3. Nd2 c5 4.
exd5 Qxd5 5. Ngf3 cxd4 6. Bc4 Qd7 7. O-O Nc6 8. Nb3 Nf6 9. Nbxd4 Nxd4 10. Nxd4 a6 11.
Re1 Bc5 12. Be3 Qc7 13. Bg5 Be7 14. Bd3 O-O 15. Qf3 Rd8 16. c3 Rb8 17. Rad1 Nd5 18. Qh3 g6 19. Nf3 e5 20. Qh4 f6 21. Bc1 Be6 22. a3 f5 23. Ng5 Bxg5 24. Bxg5 Rd7 25. Bf6 e4 26. Bb1 Nxf6 27. Qxf6 Re8 28. Rd4 Rxd4 29. Qxd4 Rd8 30. Qf6 Bf7 31. h4 Rd6 32. Qe5 Rd7 33. Qxc7 Rxc7 34. f3 exf3 35. gxf3 Rd7 36. Kf2 Kg7 37. Re2 Kf6 38. h5 g5 39.
Ke1 Bxh5 40. Kf2 Bg6 41. Kg2 h6 42. Kf2 f4 43. Bxg6 Kxg6 44. Re6+ Kf5 45. Rxh6 Rd2+ 46. Ke1 Rxb2 47. Rh7 Rb3 48. Rc7 b5 49. a4 bxa4 50.
Rc6 a3 51. Kd2 a2 52. Rxa6 Rb2+ 53. Kd3 Rf2 54. Kc4 Rxf3 55. Rxa2 g4 56. Ra5+ Ke4 57. Ra8 Rf1 58. Rg8 Kf3 59. Kc5 g3 60. c4 Rc1 61.
Kd5 g2 62. c5 g1=Q 63. Rxg1 Rxg1 64. c6 Rd1+ 0-1

[Event "*** Titled Tuesday Blitz"]
[Site "Chess.com"]
[Date "2021.03.30"]
[Round "9"]
[White "KubaGepard"]
[Black "ErikBlomqvist"]
[Result "1-0"]
[WhiteElo "2440"]
[BlackElo "2580"]
[TimeControl "180+1"]
[EndTime "11:48:15 PDT"]
[Termination "KubaGepard won on time"]

1. d4 Nf6 2. Nf3 d5 3. Bf4 c5 4. e3 Nc6 5. Nbd2 Bf5 6. dxc5 e6 7. Nb3 Bxc5 8. Nxc5 Qa5+ 9. c3 Qxc5 10. Be2 O-O 11. O-O h6 12. Rc1 Rfd8 13. Qa4 Qe7 14. Nd4 Ne4 15.
Nxc6 bxc6 16. Qxc6 Nc5 17. Be5 Bd3 18. Rce1 Rac8 19.
Bd6 Qxd6 20. Qxd6 Rxd6 21. b4 Bxe2 22. bxc5 Rxc5 23. Rxe2 Rxc3 24. Rb1 Ra6 25. g3 Kh7 26. h4 h5 27. Kg2 Kg6 28. Rbb2 f6 29.
Red2 Rca3 30. Rbc2 Kf5 31. Rb2 g5 32. hxg5 fxg5 33.
Rbc2 R3a4 34. Rb2 Rc4 35. Rb8 Rca4 36. Rbb2 h4 37. gxh4 gxh4 38. Kf3 h3 39. Kg3 Rg4+ 40. Kxh3 Raa4 41. f3 Rg8 42. Rg2 Rh8+ 43. Kg3 Ra3 44. Kf2 Ke5 45. Rc2 Rb8 46. Rg5+ Kd6 47. Rg7 Rb1 48. Rgc7 Ra1 49. R2c6+ Ke5 50. f4+ Kf5 51. Rf7+ Ke4 52. Rxe6+ Kd3 53. Rd7 R1xa2+ 54. Kf3 Ra5 55.
Re5 Kc4 56. Rc7+ Kd3 57. f5 Ra1 58. Rd7 Kc4 59. Rc7+ Kd3 60. Rd7 Rf1+ 61. Kg2 Ke2 62. Rdxd5 Raa1 63. f6 Rxf6 64. Rb5 a5 65. Rxa5 1-0

[Event "*** Titled Tuesday Blitz"]
[Site "Chess.com"]
[Date "2021.03.30"]
[Round "9"]
[White "comsac"]
[Black "MerryPoppies"]
[Result "1-0"]
[WhiteElo "2373"]
[BlackElo "2225"]
[TimeControl "180+1"]
[EndTime "11:48:18 PDT"]
[Termination "comsac won on time"]

1. e4 e5 2. Nf3 Nf6 3. Nxe5 Nxe4 4. Qe2 Qe7 5. Qxe4 f6 6. d4 Nc6 7. Bd3 fxe5 8. O-O Nxd4 9. f4 d6 10. fxe5 dxe5 11. Re1 Nc6 12. Nc3 Be6 13. Bb5 O-O-O 14. Bxc6 Qc5+ 15. Be3 Qxc6 16. Qxe5 Bc4 17. Rad1 Bd6 18.
Qf5+ Kb8 19. Qe4 Qxe4 20. Nxe4 Rhe8 21. Nxd6 cxd6 22. b3 Bb5 23. Bf4 Kc7 24. c4 Bc6 25. Kf2 Rxe1 26. Rxe1 b6 27. Kg3 Rd7 28. Re8 Kb7 29.
Re6 Kc7 30. Re8 a5 31. Rh8 h6 32. Be3 g5 33. Rxh6 d5 34. cxd5 Rxd5 35. Rh5 Rd3 36. Kf2 Bxg2 37. Rxg5 Bc6 38. Rg7+ Kd6 39. h4 a4 40.
Rg6+ Kd5 41. h5 axb3 42. axb3 Rxb3 43. h6 Rb2+ 44. Kg3 Ke5 45. h7 Rg2+ 46. Kh4 Rh2+ 47. Kg3 Rxh7 48. Rxc6 Kd5 49. Rxb6 Rg7+ 50. Kf3 Rf7+ 51.
Bf4 Rf8 52. Rd6+ Kc5 53. Rd2 Kc4 54. Ke4 Re8+ 55. Be5 Kc5 56. Rc2+ Kb6 57. Kd5 Rd8+ 58. Bd6 Kb5 59. Rb2+ Ka4 60. Rb7 Rg8 61. Rb4+ Ka5 62. Re4 Rg5+ 63. Kc4 Kb6 64. Re6 Rg4+ 65. Kd5 Kb5 66. Be5 Rg5 67. Re8 Kb4 68. Rb8+ Ka5 69.
Rb7 Ka6 70. Rb2 Rh5 71. Ke6 Rh6+ 72. Bf6 Ka5 73. Kf5 Rh5+ 74. Kg6 Rh7 75. Ra2+ Kb4 76. Kxh7 1-0

[Event "*** Titled Tuesday Blitz"]
[Site "Chess.com"]
[Date "2021.03.30"]
[Round "9"]
[White "erdni1993"]
[Black "PavelChernomordik"]
[Result "0-1"]
[WhiteElo "2498"]
[BlackElo "2393"]
[TimeControl "180+1"]
[EndTime "11:48:24 PDT"]
[Termination "PavelChernomordik won by resignation"]

1. e4 g6 2. d4 Bg7 3. c3 d6 4. Nf3 Nf6 5. Bd3 c5 6. O-O O-O 7. Re1 Bg4 8. h3 Bxf3 9. Qxf3 cxd4 10. cxd4 Nc6 11. d5 Ne5 12. Qe2 Nxd3 13. Qxd3 Nd7 14.
Nc3 Qb6 15. Be3 Qa6 16. Qd2 Ne5 17. b3 Rac8 18. Bd4 Qd3 19. Rad1 Qxd2 20. Rxd2 a6 21. Ne2 Nd7 22. Bxg7 Kxg7 23. f4 Rc5 24. Nd4 Rfc8 25. Nf3 Rc2 26. Ree2 Rxd2 27. Rxd2 Nf6 28. e5 Nh5 29. Rd4 Rc2 30. Kh2 Rxa2 31. Rb4 b5 32.
h4 Kf8 33. Kh3 Ke8 34. Re4 Kd7 35. Ng5 f6 36. exf6 Nxf6 37. Rd4 Rb2 38. Rd3 a5 39. Ne6 a4 40. bxa4 bxa4 41. Nd4 Nxd5 42. g3 Nb4 43. Ra3 Ra2 44. Rc3 Nd5 45. Rc4 Ne3 46. Rc3 Nf5 47. Nb5 Rb2 48. g4 Rxb5 49.
gxf5 gxf5 50. Rc2 Ra5 51. Ra2 a3 52. Kg3 Kc6 53. Kf3 Kc5 54. Ke3 Kc4 55. Kd2 Kb3 56.
Ra1 a2 57. Kd3 Kb2 58. Rg1 a1=Q 59. Rg2+ Kb3 60. Rd2 Rd5+ 61. Ke2 Qc3 62. Rxd5 Qc4+ 63. Rd3+ Kb4 64. Kf2 Qxd3 65. Kg2 Qe4+ 66. Kf2 d5 67.
Kg3 d4 68. Kf2 d3 0-1